 Dungeon Crawl Stone Soup version 0.17-a0-1701-gf693a3f (console) character file.

12 Monkaria the Scratcher (level 2, 0/14 HPs)
             Began as a Felid Chaos Knight on Aug 21, 2015.
             Slain by a hobgoblin (3 damage)
             ... on level 1 of the Dungeon.
             The game lasted 00:00:20 (329 turns).

Monkaria the Scratcher (Felid Chaos Knight)          Turns: 329, Time: 00:00:20

Health: 0/14       AC:  1    Str:  8    XL:     2   Next: 20%
Magic:  3/3        EV: 18    Int: 13    God:    Xom [..*...]
Gold:   0          SH:  0    Dex: 15    Spells: 0 memorised, 1 level left
                                        Lives:  0   Deaths: 0

rFire  . . .     SeeInvis +       - Unarmed
rCold  . . .     Clarity  .     (armour unavailable)
rNeg   . . .     SustAt   .     (shield unavailable)
rPois  .         Gourm    .     (helmet unavailable)
rElec  .         Spirit   .     (cloak unavailable)
rCorr  .         Warding  .     (gloves unavailable)
rMut   .         Stasis   .     (boots unavailable)
MR     .....                    (no amulet)
Stlth  ++........               (no ring)
                                (no ring)

@: quick, not resistant to hostile enchantments, unstealthy
A: no armour, no weapons or thrown items, claws 1, fangs 3, see invisible,
carnivore 3, speed 1, shaggy fur 1, slow metabolism 1, sharp paws
a: Renounce Religion


You were on level 1 of the Dungeon.
You worshipped Xom.
You were a toy of Xom.
You were not hungry.

You visited 1 branch of the dungeon, and saw 1 of its levels.

Inventory:

Scrolls
 b - a scroll of enchant armour {unknown}
 d - a scroll of immolation {unknown}
 e - a scroll of amnesia {unknown}
Potions
 c - 2 potions of curing {unknown}
Comestibles
 a - a meat ration


   Skills:
 - Level 3.0 Fighting
 - Level 3.2 Dodging
 + Level 3.7 Unarmed Combat


You had one spell level left.
You didn't know any spells.

Dungeon Overview and Level Annotations

Branches:
Dungeon (1/15)

Altars:


Innate Abilities, Weirdness & Mutations

You cannot wear armour.
You are incapable of wielding weapons or throwing items.
You have sharp claws.
You have razor-sharp teeth.
You have supernaturally acute eyesight.
You are carnivorous and can eat meat at any time.
You cover ground quickly.
You are covered in fur (AC +1).
You have a slow metabolism.
Your sharp claws are effective at attacking unaware monsters.


Message History

You emit a cloud of colourful smoke!
You are too injured to fight recklessly!
You are too injured to fight recklessly!
You are too injured to fight recklessly!
You are too injured to fight recklessly!
You are too injured to fight recklessly!
You are too injured to fight recklessly!
You are too injured to fight recklessly!
You are too injured to fight recklessly!
You are too injured to fight recklessly!
You are too injured to fight recklessly!
You scratch the hobgoblin.
The hobgoblin is severely wounded.
The bat misses you. x2
The hobgoblin closely misses you.
You scratch the hobgoblin but do no damage.
The hobgoblin is severely wounded.
The bat misses you. The bat closely misses you. The hobgoblin hits you.
You die... "It was about time."

#.#.# # #.#.# # #.#.#
# #.#.# #
############.#.# #
...........#'#.#### #
....#.............# #
......§§§.........# #
....#.b@§.........# #
#..bg§.........# #
#..............#### #
>....................#
.#.##.............##.#
# +.............##.#
#.............##.#
..............##.##
.#.............##..#


You could see a hobgoblin and 2 bats.

Vanquished Creatures
  A giant gecko (D:1)
  A ball python (D:1)
  2 goblins (D:1)
  A hobgoblin (D:1)
  A bat (D:1)
  2 giant newts (D:1)
  A kobold (D:1)
  3 rats (D:1)
12 creatures vanquished.

Notes
Turn   | Place    | Note
--------------------------------------------------------------
     0 | D:1      | Monkaria the Felid Chaos Knight began the quest for the Orb.
     0 | D:1      | Reached XP level 1. HP: 10/10 MP: 2/2
     8 | D:1      | Noticed an elf zombie
    10 | D:1      | Noticed a merfolk zombie
    12 | D:1      | Noticed a formicid zombie
    13 | D:1      | Noticed a troll zombie
    14 | D:1      | Noticed a troll zombie
    14 | D:1      | Noticed an elf zombie
    18 | D:1      | Noticed a troll zombie
    29 | D:1      | XOM: harmless Summ miscast
    47 | D:1      | XOM: harmless Ice miscast
   223 | D:1      | Reached XP level 2. HP: 14/14 MP: 3/3
   327 | D:1      | XOM: smoke on damage
   329 | D:1      | Slain by a hobgoblin

Vault maps used:
D:1:      shiori_arrival_whats_in_store_for_you

Action                   || total
-------------------------++-------
Melee: Unarmed           ||    41
 Stab: Sleeping          ||     2
